TOP OF THE 1ST |
Billings West HS Golden Bears batting - Pitching for Dublin Jerome HS Celtics : RHP Marc Matos
|
Pitching: RHP Marc Matos
|
|
Batting: RHB Chase Wilkerson
|
0-0: Called Strike 0-1: SOLO HOME RUN (Flyball, 7D), Distance : 374 ft
|
Batting: SHB Juan Soriano
|
0-0: Ball 1-0: Swinging Strike 1-1: Ball 2-1: Ball 3-1: Base on Balls
|
Batting: LHB Duane Lemay
|
0-0: Called Strike 0-1: SINGLE (Line Drive, 9LS) Juan Soriano to second
|
Batting: RHB Spike Kennedy
|
0-0: Ball 1-0: Fly out, F4 (Popup, 34D)
|
Batting: RHB Bryce Murray
|
0-0: Ball 1-0: Ball 2-0: DOUBLE (Line Drive, 5D) Juan Soriano scores Duane Lemay to third
|
Batting: RHB Lawrence Pérez
|
0-0: Ball 1-0: Ball 2-0: SINGLE (Groundball, 6MD) (infield hit) Duane Lemay scores Bryce Murray to third
|
Batting: RHB Ethan Ramos
|
0-0: Called Strike 0-1: Called Strike 0-2: Strikes out looking
|
Batting: RHB Eric Dodd
|
0-0: Ball 1-0: Ball 2-0: Ball 3-0: Base on Balls Lawrence Pérez to second
|
Batting: LHB David Trent
|
0-0: Called Strike 0-1: Called Strike 0-2: SINGLE (Groundball, 3D) Bryce Murray scores Lawrence Pérez to third Eric Dodd to second Runner from 3rd tries for Home, SAFE, no throw or cutoff
|
Batting: RHB Chase Wilkerson
|
0-0: Fly out, F7 (Flyball, 78M)
|
Top of the 1st over - 5 run(s), 5 hit(s), 0 error(s), 2 left on base; Billings West HS 5 - Dublin Jerome HS 0 |
BOTTOM OF THE 1ST |
Dublin Jerome HS Celtics batting - Pitching for Billings West HS Golden Bears : RHP Scott Roe
|
Pitching: RHP Scott Roe
|
|
Batting: RHB David Silva
|
0-0: Ball 1-0: Ball 2-0: Foul Ball, location: 2F 2-1: Ball 3-1: Swinging Strike 3-2: Foul Ball, location: 2F 3-2: Foul Ball, location: 2F 3-2: Base on Balls
|
Batting: RHB Cy Wilcox
|
0-0: Called Strike 0-1: Fly out, F7 (Flyball, 78M)
|
Batting: LHB Paul Holcomb
|
0-0: Ball 1-0: Fielders Choice at 2nd, 3-6 (Groundball, 3)
|
Batting: LHB Dale González
|
0-0: Ball 1-0: Called Strike Pickoff Throw by Catcher to First - Error! E2 Paul Holcomb to second 1-1: Foul Ball, location: 2F 1-2: Ball 2-2: Strikes out looking
|
Bottom of the 1st over - 0 run(s), 0 hit(s), 1 error(s), 1 left on base; Billings West HS 5 - Dublin Jerome HS 0 |
TOP OF THE 2ND |
Billings West HS Golden Bears batting - Pitching for Dublin Jerome HS Celtics : RHP Marc Matos
|
Batting: SHB Juan Soriano
|
0-0: Fly out, F8 (Flyball, 8LM)
|
Batting: LHB Duane Lemay
|
0-0: Ball 1-0: Called Strike 1-1: Foul Ball, location: 2F 1-2: Foul Ball, location: 2F 1-2: Foul Ball, location: 2F 1-2: Ball Single, Error in OF, E9, batter to second base
|
Batting: RHB Spike Kennedy
|
0-0: Ball 1-0: Foul Ball, location: 2F 1-1: DOUBLE (Line Drive, 7LS) Duane Lemay scores
|
Batting: RHB Bryce Murray
|
0-0: Called Strike 0-1: Ball 1-1: Fly out, F9 (Flyball, 9D) Runner from 2nd tags up, SAFE at 3rd, no throw
|
Batting: RHB Lawrence Pérez
|
0-0: Foul Ball, location: 2F 0-1: Foul Ball, location: 2F 0-2: Ball 1-2: Foul Ball, location: 2F 1-2: Ball 2-2: DOUBLE (Line Drive, 3D) Spike Kennedy scores
|
Batting: RHB Ethan Ramos
|
0-0: Ball 1-0: Called Strike 1-1: Foul Ball, location: 2F 1-2: Ball 2-2: Ground out 5-3 (Groundball, 56S)
|
Top of the 2nd over - 2 run(s), 3 hit(s), 1 error(s), 1 left on base; Billings West HS 7 - Dublin Jerome HS 0 |
BOTTOM OF THE 2ND |
Dublin Jerome HS Celtics batting - Pitching for Billings West HS Golden Bears : RHP Scott Roe
|
Batting: SHB Pete Jones
|
0-0: Ball 1-0: Foul Ball, location: 2F 1-1: Ball 2-1: Ball 3-1: Foul Ball, location: 2F 3-2: Base on Balls
|
Batting: RHB Chris Curry
|
0-0: Swinging Strike 0-1: Called Strike 0-2: Ball 1-2: Ball 2-2: Foul Ball, location: 2F 2-2: Ground out 3-1 (Groundball, 34) Pete Jones to second
|
Batting: RHB Deron McClendon
|
0-0: Called Strike 0-1: Ball 1-1: Fly out, F9 (Flyball, 89M)
|
Batting: RHB Garrett Hinton
|
0-0: SINGLE (Groundball, 34D) Pete Jones to third Runner from 3rd tries for Home, throw and OUT!
|
Bottom of the 2nd over - 0 run(s), 1 hit(s), 0 error(s), 1 left on base; Billings West HS 7 - Dublin Jerome HS 0 |
TOP OF THE 3RD |
Billings West HS Golden Bears batting - Pitching for Dublin Jerome HS Celtics : RHP Marc Matos
|
Batting: RHB Eric Dodd
|
0-0: Ball 1-0: Ball 2-0: Called Strike 2-1: Fly out, F5 (Popup, 56S)
|
Batting: LHB David Trent
|
0-0: Ball 1-0: Fly out, F7 (Flyball, 78M)
|
Batting: RHB Chase Wilkerson
|
0-0: Called Strike 0-1: SINGLE (Flyball, 8LS)
|
Batting: SHB Juan Soriano
|
0-0: Fly out, F8 (Flyball, 8LM)
|
Top of the 3rd over - 0 run(s), 1 hit(s), 0 error(s), 1 left on base; Billings West HS 7 - Dublin Jerome HS 0 |
BOTTOM OF THE 3RD |
Dublin Jerome HS Celtics batting - Pitching for Billings West HS Golden Bears : RHP Scott Roe
|
Batting: SHB Brian Jackson
|
0-0: Called Strike 0-1: Ball 1-1: Foul Ball, location: 2F 1-2: Strikes out swinging
|
Batting: RHB David Silva
|
0-0: Ball 1-0: SINGLE (Popup, 56D)
|
Batting: RHB Cy Wilcox
|
0-0: Ball David Silva is caught stealing 2nd base 1-0: Foul Ball, location: 2F 1-1: Ground out 5-3 (Groundball, 5)
|
Bottom of the 3rd over - 0 run(s), 1 hit(s), 0 error(s), 0 left on base; Billings West HS 7 - Dublin Jerome HS 0 |
TOP OF THE 4TH |
Billings West HS Golden Bears batting - Pitching for Dublin Jerome HS Celtics : RHP Marc Matos
|
Batting: LHB Duane Lemay
|
0-0: Foul Ball, location: 2F 0-1: Ball 1-1: Ball 2-1: Called Strike 2-2: Foul Ball, location: 2F 2-2: Ground out U3 (Groundball, 3S)
|
Batting: RHB Spike Kennedy
|
0-0: Ball 1-0: Ball 2-0: Ball 3-0: Called Strike 3-1: Base on Balls
|
Batting: RHB Bryce Murray
|
0-0: Swinging Strike 0-1: Called Strike 0-2: Strikes out swinging
|
Batting: RHB Lawrence Pérez
|
0-0: Ball 1-0: Ball 2-0: Fly out, F7 (Flyball, 7LM)
|
Top of the 4th over - 0 run(s), 0 hit(s), 0 error(s), 1 left on base; Billings West HS 7 - Dublin Jerome HS 0 |
BOTTOM OF THE 4TH |
Dublin Jerome HS Celtics batting - Pitching for Billings West HS Golden Bears : RHP Scott Roe
|
Batting: LHB Paul Holcomb
|
0-0: Called Strike 0-1: Swinging Strike 0-2: Ball 1-2: Strikes out swinging
|
Batting: LHB Dale González
|
0-0: Foul Ball, location: 2F 0-1: Ball 1-1: Ground out 1-3 (Groundball, 23)
|
Batting: SHB Pete Jones
|
0-0: Ball 1-0: Called Strike 1-1: Swinging Strike 1-2: DOUBLE (Groundball, 3L) - OUT at third base trying to stretch hit.
|
Bottom of the 4th over - 0 run(s), 1 hit(s), 0 error(s), 0 left on base; Billings West HS 7 - Dublin Jerome HS 0 |
TOP OF THE 5TH |
Billings West HS Golden Bears batting - Pitching for Dublin Jerome HS Celtics : RHP Marc Matos
|
Batting: RHB Ethan Ramos
|
0-0: SINGLE (Groundball, 4D)
|
Pitching: RHP Phillip Greene
|
|
Batting: RHB Eric Dodd
|
0-0: Ball 1-0: Ball Passed Ball! Ethan Ramos to second 2-0: Called Strike 2-1: Called Strike 2-2: Foul Ball, location: 2F 2-2: Foul Ball, location: 2F 2-2: Foul Ball, location: 2F 2-2: Strikes out looking
|
Batting: LHB David Trent
|
0-0: Ball 1-0: Swinging Strike 1-1: Called Strike 1-2: Strikes out swinging
|
Batting: RHB Chase Wilkerson
|
0-0: Ball 1-0: Ball 2-0: Ball 3-0: Called Strike 3-1: Swinging Strike 3-2: Base on Balls
|
Batting: SHB Juan Soriano
|
0-0: Swinging Strike 0-1: Ground out 3-1 (Groundball, 34)
|
Top of the 5th over - 0 run(s), 1 hit(s), 0 error(s), 2 left on base; Billings West HS 7 - Dublin Jerome HS 0 |
BOTTOM OF THE 5TH |
Dublin Jerome HS Celtics batting - Pitching for Billings West HS Golden Bears : RHP Scott Roe
|
Batting: RHB Chris Curry
|
0-0: Ball 1-0: Swinging Strike 1-1: Ball 2-1: Ball 3-1: Foul Ball, location: 2F 3-2: Base on Balls
|
Batting: RHB Deron McClendon
|
0-0: Ball 1-0: Called Strike 1-1: Ball 2-1: Foul Ball, location: 2F 2-2: Foul Ball, location: 2F 2-2: Fly out, F4 (Popup, 4M)
|
Batting: RHB Garrett Hinton
|
0-0: Swinging Strike 0-1: Called Strike 0-2: Fly out, F8 (Flyball, 89M)
|
Batting: SHB Brian Jackson
|
0-0: Ball 1-0: Ball 2-0: Ball 3-0: Called Strike 3-1: Swinging Strike 3-2: Foul Ball, location: 2F 3-2: Foul Ball, location: 2F 3-2: Base on Balls Chris Curry to second
|
Batting: RHB David Silva
|
0-0: Foul Ball, location: 2F 0-1: Fielders Choice at 2nd, U4 (Groundball, 4M)
|
Bottom of the 5th over - 0 run(s), 0 hit(s), 0 error(s), 2 left on base; Billings West HS 7 - Dublin Jerome HS 0 |
TOP OF THE 6TH |
Billings West HS Golden Bears batting - Pitching for Dublin Jerome HS Celtics : RHP Phillip Greene
|
Batting: LHB Duane Lemay
|
0-0: Ball 1-0: Ball 2-0: Foul Ball, location: 2F 2-1: Called Strike 2-2: Foul Ball, location: 2F 2-2: Fly out, F7 (Line Drive, 7D)
|
Batting: RHB Spike Kennedy
|
0-0: Swinging Strike 0-1: Ball 1-1: Ground out 6-3 (Groundball, 6S)
|
Batting: RHB Bryce Murray
|
0-0: Ground out 4-3 (Groundball, 4)
|
Top of the 6th over - 0 run(s), 0 hit(s), 0 error(s), 0 left on base; Billings West HS 7 - Dublin Jerome HS 0 |
BOTTOM OF THE 6TH |
Dublin Jerome HS Celtics batting - Pitching for Billings West HS Golden Bears : RHP Scott Roe
|
Batting: RHB Cy Wilcox
|
0-0: Ball 1-0: SINGLE (Line Drive, 78M)
|
Pitching: LHP Phil Peterson
|
|
Batting: LHB Paul Holcomb
|
0-0: Ball 1-0: Foul Ball, location: 2F 1-1: Called Strike 1-2: Foul Ball, location: 2F 1-2: Ball 2-2: Fielders Choice at 2nd, 4-6 (Groundball, 4)
|
Batting: LHB Dale González
|
0-0: Foul Ball, location: 2F 0-1: Ball 1-1: Ball 2-1: Swinging Strike 2-2: Foul Ball, location: 2F 2-2: Strikes out swinging
|
Batting: SHB Pete Jones
|
0-0: Ball Paul Holcomb is caught stealing 2nd base
|
Bottom of the 6th over - 0 run(s), 1 hit(s), 0 error(s), 0 left on base; Billings West HS 7 - Dublin Jerome HS 0 |
TOP OF THE 7TH |
Billings West HS Golden Bears batting - Pitching for Dublin Jerome HS Celtics : RHP Phillip Greene
|
Pitching: RHP Javier Valdés
|
|
Batting: RHB Lawrence Pérez
|
0-0: Ball 1-0: Foul Ball, location: 2F 1-1: Swinging Strike 1-2: Ball 2-2: Reached on Error, E3 (Popup, 13)
|
Batting: RHB Ethan Ramos
|
0-0: Called Strike 0-1: Ball 1-1: Ball 2-1: Called Strike 2-2: Foul Ball, location: 2F 2-2: Foul Ball, location: 2F 2-2: Foul Ball, location: 2F 2-2: Grounds into double play, 6-4-3 (Groundball, 6)
|
Batting: RHB Eric Dodd
|
0-0: Ball 1-0: Ball 2-0: Called Strike 2-1: Foul Ball, location: 2F 2-2: Ground out 5-3 (Groundball, 56)
|
Top of the 7th over - 0 run(s), 0 hit(s), 1 error(s), 0 left on base; Billings West HS 7 - Dublin Jerome HS 0 |
BOTTOM OF THE 7TH |
Dublin Jerome HS Celtics batting - Pitching for Billings West HS Golden Bears : LHP Phil Peterson
|
Batting: SHB Pete Jones
|
0-0: Ball 1-0: Called Strike 1-1: Called Strike 1-2: Ball 2-2: Ball Reached via error on a dropped throw, E3
|
Batting: RHB Chris Curry
|
0-0: Reached on Error, E9 (Flyball, 89M) Pete Jones to second
|
Batting: RHB Deron McClendon
|
0-0: Ball 1-0: Called Strike 1-1: Ball 2-1: Called Strike 2-2: Ball 3-2: Base on Balls Pete Jones to third Chris Curry to second
|
Batting: RHB Garrett Hinton
|
0-0: Ball 1-0: Fly out, F1 (Popup, 25)
|
Batting: SHB Brian Jackson
|
0-0: Swinging Strike 0-1: Fly out, F9 (Flyball, 89D) Runner from 3rd tags up, SCORES, no throw Chris Curry to third
|
Batting: RHB David Silva
|
0-0: Ground out 6-3 (Groundball, 6)
|
Bottom of the 7th over - 1 run(s), 0 hit(s), 2 error(s), 2 left on base; Billings West HS 7 - Dublin Jerome HS 1 |
TOP OF THE 8TH |
Billings West HS Golden Bears batting - Pitching for Dublin Jerome HS Celtics : RHP Javier Valdés
|
Batting: LHB David Trent
|
0-0: Fly out, F8 (Flyball, 8LM)
|
Batting: RHB Chase Wilkerson
|
0-0: Reached on error, E6 (Groundball, 6M)
|
Batting: SHB Juan Soriano
|
0-0: Foul Ball, location: 2F 0-1: Foul Ball, location: 2F 0-2: Fly out, F8 (Flyball, 8RM)
|
Batting: LHB Duane Lemay
|
0-0: Foul Ball, location: 2F 0-1: Swinging Strike 0-2: Strikes out looking
|
Top of the 8th over - 0 run(s), 0 hit(s), 1 error(s), 1 left on base; Billings West HS 7 - Dublin Jerome HS 1 |
BOTTOM OF THE 8TH |
Dublin Jerome HS Celtics batting - Pitching for Billings West HS Golden Bears : LHP Phil Peterson
|
Pitching: RHP Preston Carter
|
|
Batting: RHB Cy Wilcox
|
0-0: Called Strike 0-1: Ball 1-1: Foul Ball, location: 2F 1-2: Ball 2-2: Foul Ball, location: 2F 2-2: Ball 3-2: Strikes out looking
|
Batting: LHB Paul Holcomb
|
0-0: Swinging Strike 0-1: Ball 1-1: Called Strike 1-2: Strikes out swinging
|
Batting: LHB Dale González
|
0-0: Foul Ball, location: 2F 0-1: Ball 1-1: Ball 2-1: Foul Ball, location: 2F 2-2: Ball 3-2: SINGLE (Line Drive, 78S)
|
Batting: SHB Pete Jones
|
0-0: Called Strike 0-1: Ball 1-1: Fielders Choice at 2nd, U4 (Groundball, 4M)
|
Bottom of the 8th over - 0 run(s), 1 hit(s), 0 error(s), 1 left on base; Billings West HS 7 - Dublin Jerome HS 1 |
TOP OF THE 9TH |
Billings West HS Golden Bears batting - Pitching for Dublin Jerome HS Celtics : RHP Javier Valdés
|
Pitching: RHP Theron Little
|
|
Batting: RHB Spike Kennedy
|
0-0: Fly out, F8 (Flyball, 8LD)
|
Batting: RHB Bryce Murray
|
0-0: Fly out, F9 (Flyball, 89M)
|
Batting: RHB Lawrence Pérez
|
0-0: Foul Ball, location: 2F 0-1: Ball 1-1: Called Strike 1-2: Strikes out swinging
|
Top of the 9th over - 0 run(s), 0 hit(s), 0 error(s), 0 left on base; Billings West HS 7 - Dublin Jerome HS 1 |
BOTTOM OF THE 9TH |
Dublin Jerome HS Celtics batting - Pitching for Billings West HS Golden Bears : RHP Preston Carter
|
Batting: RHB Chris Curry
|
0-0: Ball 1-0: Ball 2-0: Fly out, F9 (Flyball, 89M)
|
Batting: RHB Deron McClendon
|
0-0: Ball 1-0: Ball 2-0: Called Strike 2-1: SOLO HOME RUN (Flyball, 78XD), Distance : 437 ft
|
Batting: RHB Garrett Hinton
|
0-0: Called Strike 0-1: Ball 1-1: SINGLE (Flyball, 6MD)
|
Batting: SHB Brian Jackson
|
0-0: Called Strike 0-1: Swinging Strike 0-2: Ball 1-2: Ball 2-2: Foul Ball, location: 2F 2-2: Ball 3-2: Foul Ball, location: 2F 3-2: Ground out 3-1 (Groundball, 34) Garrett Hinton to second
|
Batting: RHB David Silva
|
0-0: 2-RUN HOME RUN (Flyball, 7LD), Distance : 365 ft
|
Pitching: LHP Kurt Brown
|
|
Batting: RHB Cy Wilcox
|
0-0: Swinging Strike 0-1: Foul Ball, location: 2F 0-2: Ball 1-2: Strikes out swinging
|
Bottom of the 9th over - 3 run(s), 3 hit(s), 0 error(s), 0 left on base; Billings West HS 7 - Dublin Jerome HS 4 |
|